 Dungeon Crawl Stone Soup version 0.29-a0-998-g1987434951 (webtiles) character file.

Game seed: 16449509407277295175

1308 quixfox the Geomancer (level 8, 0/53 HPs)
             Began as a Gargoyle Earth Elementalist on Aug 6, 2022.
             Was an Initiate of Vehumet.
             Slain by an acid dragon (5 damage)
             ... on level 5 of the Dungeon.
             The game lasted 00:08:47 (5165 turns).

quixfox the Geomancer (Gargoyle Earth Elementalist) Turns: 5165, Time: 00:08:48

Health: 0/53       AC:  4    Str: 12    XL:     8   Next: 58%
Magic:  10/17      EV: 11    Int: 18    God:    Vehumet [......]
Gold:   172        SH:  0    Dex:  8    Spells: 13/20 levels left

rFire   . . .      SeeInvis .   h - +2 flail (protect)
rCold   . . .      Faith    .   (no shield)
rNeg    + . .      Spirit   .   a - +0 robe
rPois   ∞          Reflect  .   c - +0 helmet
rElec   +          Harm     .   (no cloak)
rCorr   .          Rampage  .   (no gloves)
Will    .....      Rnd*Tele +   (no boots)
Stlth   ++........              o - amulet of regeneration
HPRegen 0.97/turn               (no ring)
MPRegen 0.15/turn               (no ring)

@: brilliant, corroded
A: sickness immunity, AC +5, negative energy resistance 1, electricity
resistance, torment resistance 1, petrification resistance, clumsy 1,
teleportitis 1, evolution 1
a: Renounce Religion


You were on level 5 of the Dungeon.
You worshipped Vehumet.
Vehumet was noncommittal.
You visited 1 branch of the dungeon, and saw 5 of its levels.

You collected 172 gold pieces.

Inventory:

Hand Weapons
 h - a +2 flail of protection (weapon)
Armour
 a - a +0 robe (worn)
 c - a +0 helmet (worn)
Jewellery
 o - an amulet of regeneration (around neck)
Scrolls
 d - 2 scrolls of identify
 f - a scroll of teleportation
 n - a scroll of magic mapping
Potions
 e - a potion of lignification
 i - a potion of flight
 j - 2 potions of might
 k - a potion of resistance


   Skills:
 + Level 7.3 Fighting
 - Level 1.5 Dodging
 - Level 2.1 Stealth
 + Level 6.5 Spellcasting
 + Level 6.7 Conjurations
 - Level 0.7 Transmutations
 + Level 6.0 Fire Magic
 + Level 9.0 Earth Magic


You had 13 spell levels left.
You knew the following spells:

 Your Spells              Type           Power      Damage    Failure   Level
a - Sandblast             Erth           100%       2d20      1%          1
b - Passwall              Tmut/Erth      29%        N/A       2%          2
c - Stone Arrow           Conj/Erth      100%       3d13      1%          3
d - Foxfire               Conj/Fire      100%       2x1d9     1%          1

Your spell library contained the following spells:

 Spells                   Type           Power      Damage    Failure   Level
 Freeze                   Ice            32%        1d5       12%         1
 Conjure Flame            Conj/Fire      43%        6-21      2%          3
 Flame Wave               Conj/Fire      43%        2d11      9%          4
 Inner Flame              Hex/Fire       25%        N/A       10%         3
 Petrify                  Tmut/Erth      35%        N/A       16%         4


Dungeon Overview and Level Annotations

Branches:
Dungeon (5/15)
 Temple: D:4-7

Altars:
Ashenzari
Elyvilon
Fedhas
Kikubaaqudgha
Makhleb
Trog
Vehumet

Shops:
D:2 !


Innate Abilities, Weirdness & Mutations

You are immune to sickness and miasma.
Your stone body is resilient. (AC +5)
You are immune to poison.
You resist negative energy. (rN+)
You are resistant to electric shocks. (rElec)
You are resistant to unholy torment.
You are immune to petrification.
You are clumsy. (Dex -2)
You are occasionally teleported next to monsters.
You have hidden genetic potential.


Message History

The adder is lightly wounded.
The adder bites you. x2; The adder closely misses you.
Aiming: Sandblast (safe; 1% risk of failure)
Press: ? - help, Q - select action, (/) - cycle Shift-Dir - straight line, f/p - acid dragon
Aim: an acid dragon (83% to hit)
The blast of sand hits the adder!
You kill the adder!
Vehumet accepts your kill. The acid dragon spits acid at you.
The splash of acid hits you!!
* * * LOW HITPOINT WARNING * * *
The acid corrodes you!
It was a potion of mutation.
You feel extremely strange.
You feel clumsy.
You feel weirdly uncertain.
You feel a hidden potential growing inside you.
The acid dragon bites you.
* * * LOW HITPOINT WARNING * * *
The acid dragon closely misses you.
It was a potion of experience.
You feel more experienced!
Your Fighting skill gained 3 levels and is now at level 7!
Your Spellcasting skill gained 2 levels and is now at level 6!
Your Conjurations skill gained 4 levels and is now at level 6!
Your Fire Magic skill gained 4 levels and is now at level 6!
Your Earth Magic skill gained 3 levels and is now at level 9!
You have reached level 8!
You feel clever. The acid dragon spits acid at you.
The splash of acid misses you.
It was a potion of brilliance.
You feel clever all of a sudden.
The acid dragon bites you but does no damage.
The acid dragon barely misses you.
Aiming: Sandblast (safe; 1% risk of failure)
Press: ? - help, Q - select action, (/) - cycle Shift-Dir - straight line, f/p - acid dragon
Aim: an acid dragon (catching its breath, 85% to hit)
You feel a surge of power!
The blast of sand hits the acid dragon!
The acid dragon is heavily wounded.
The acid dragon bites you.
You die...

######## #......#
#......# #......#
#......# #......#
#......##
########.......#########
......D@................
......####.....#########
$.......................
..$. ####.....#########
... ##...## ## #...#
#...# #.### #.# #####


You could see an acid dragon (catching breath).

Vanquished Creatures
  2 ice beasts (D:5)
  An ogre (D:4)
  2 hounds
  4 orc priests
  An iguana (D:5)
  3 orc wizards
  5 adders
  4 worms
  8 orcs
  2 endoplasms
  6 goblins
  3 hobgoblins
  3 jackals (D:2)
  9 kobolds
  2 quokkas
  4 ball pythons
  4 bats
  3 frilled lizards
  5 rats
71 creatures vanquished.

Vanquished Creatures (others)
  A plant (D:2)
1 creature vanquished.

Grand Total: 72 creatures vanquished

Notes
Turn   | Place    | Note
-------+----------+-------------------------------------------
     0 | D:1      | quixfox the Gargoyle Earth Elementalist began the quest for
                  | the Orb.
     0 | D:1      | Reached XP level 1. HP: 10/10 MP: 3/3
   253 | D:1      | Reached XP level 2. HP: 16/16 MP: 3/5
   255 | D:1      | Reached skill level 1 in Fighting
   424 | D:1      | Reached skill level 4 in Earth Magic
  1108 | D:2      | Reached XP level 3. HP: 20/20 MP: 3/6
  1153 | D:2      | Found Coceh's Distillery.
  1436 | D:2      | Found a faded altar of an unknown god.
  1833 | D:3      | Found a white marble altar of Elyvilon.
  1837 | D:3      | Found a broken altar of Ashenzari.
  1837 | D:3      | Found a radiant altar of Vehumet.
  1837 | D:3      | Found an ancient bone altar of Kikubaaqudgha.
  1837 | D:3      | Found a bloodstained altar of Trog.
  1841 | D:3      | Found a burning altar of Makhleb.
  1845 | D:3      | Became a worshipper of Vehumet
  1977 | D:3      | Reached XP level 4. HP: 7/26 MP: 1/8
  2528 | D:3      | Reached XP level 5. HP: 31/31 MP: 7/9
  2531 | D:3      | Learned a level 2 spell: Passwall
  2535 | D:3      | Learned a level 3 spell: Stone Arrow
  2854 | D:3      | Identified the ring "Quluimur" {rElec rPois rC- Str+6
                  | Slay+5}
  3060 | D:3      | Reached skill level 5 in Earth Magic
  3277 | D:4      | Noticed an ogre
  3297 | D:4      | Found a blossoming altar of Fedhas.
  3441 | D:4      | Learned a level 1 spell: Foxfire
  3561 | D:4      | Killed an ogre
  3562 | D:4      | Reached skill level 1 in Conjurations
  3562 | D:4      | Reached skill level 1 in Fire Magic
  3562 | D:4      | Reached XP level 6. HP: 20/37 MP: 4/11
  3894 | D:4      | Reached * piety under Vehumet
  3894 | D:4      | Offered knowledge of Freeze by Vehumet.
  4451 | D:5      | Entered Level 5 of the Dungeon
  4670 | D:5      | Noticed an ice beast
  4680 | D:5      | Killed an ice beast
  4681 | D:5      | Reached XP level 7. HP: 42/42 MP: 5/12
  5065 | D:5      | Reached skill level 6 in Earth Magic
  5161 | D:5      | HP: 2/43 [acid dragon/splash of acid (19)]
  5162 | D:5      | Gained mutation: You are clumsy. (Dex -2) [potion of
                  | mutation]
  5162 | D:5      | Gained mutation: You are occasionally teleported next to
                  | monsters. [potion of mutation]
  5162 | D:5      | Gained mutation: You have hidden genetic potential. [potion
                  | of mutation]
  5163 | D:5      | Reached skill level 9 in Earth Magic
  5163 | D:5      | Reached XP level 8. HP: 1/53 MP: 10/17
  5165 | D:5      | Slain by an acid dragon

Illustrated notes

Levels and vault maps discovered:
D:1:      dpeg_arrival_concentric_ovals, layout_basic, serial_bayou_lagoon_b
D:2:      layout_loops_ring, serial_shops, nicolae_square_shop,
          shapermc_ecumenical_altar_mp_ritualfount, serial_bayou_pond_e,
          minmay_statues_item
D:3:      layout_basic, minitemple
D:4:      layout_loops_ring, lemuel_doored_altar
D:5:      layout_basic

Skill      XL: |  1  2  3  4  5  6  7 |
---------------+----------------------+-----
Fighting       | 1 2 3 7 |  7.3
Earth Magic    | 4 5 9 |  9.0
Spellcasting   | 3 6 |  6.5
Conjurations   | 1 2 6 |  6.7
Fire Magic     | 1 2 6 |  6.0
Dodging        | |  1.5
Stealth        | |  2.1
Transmutations | |  0.7

Action                   |  1- 3 |  4- 6 |  7- 9 || total
-------------------------+-------+-------+-------++-------
Melee: Unarmed           |    22 |       |       ||    22
 Cast: Sandblast         |    45 |    92 |    20 ||   157
  Use: Potion            |     2 |     1 |     5 ||     8
       Scroll            |       |     9 |       ||     9
Armor: Robe              |    21 |    30 |    11 ||    62
Dodge: Dodged            |    40 |    38 |    11 ||    89

Table legend: (Time is in decaauts)
 A = Elapsed time spent in this place.
 B = Non-inter-level travel time spent in this place.
 C = Inter-level travel time spent in this place.
 D = Time resting spent in this place.
 E = Time spent auto-exploring this place.
 F = Levels seen in this place.
 G = Mean time per level.
                   A        B        C        D        E       F      G
               +--------+--------+--------+--------+--------+-----+--------+
         Total |   5338 |   5172 |    166 |   1149 |   3394 |   5 | 1067.6 |
       Dungeon |   5338 |   5172 |    166 |   1149 |   3394 |   5 | 1067.6 |
               +--------+--------+--------+--------+--------+-----+--------+

Top non-repeatable levels by time:
     D:3: 1597 daAuts
     D:4: 1231 daAuts
     D:1: 909 daAuts
     D:2: 846 daAuts
     D:5: 753 daAuts
